 Dungeon Crawl Stone Soup version 0.17.1-2-g5865329 (webtiles) character file.

581 PossumBlood the Archer (level 7, 0/45 HPs)
             Began as a High Elf Hunter on Jan 29, 2016.
             Was an Initiate of Fedhas.
             Slain by an adder zombie (1 damage)
             ... in an ossuary.
             The game lasted 00:10:45 (3290 turns).

PossumBlood the Archer (High Elf Hunter)            Turns: 3290, Time: 00:10:45

Health: 0/45       AC:  6    Str: 11    XL:     7   Next: 14%
Magic:  8/8        EV: 12    Int: 15    God:    Fedhas [......]
Gold:   135        SH:  0    Dex: 18    Spells: 0 memorised, 6 levels left

rFire  . . .     SeeInvis .     a - +1 shortbow
rCold  . . .     Clarity  .     c - +2 leather armour
rNeg   . . .     SustAt   .     (shield currently unavailable)
rPois  .         Gourm    .     p - +0 helmet
rElec  .         Spirit   .     (no cloak)
rCorr  .         Warding  .     (no gloves)
rMut   .         Stasis   .     (no boots)
MR     .....                    (no amulet)
Stlth  ++........               (no ring)
                                (no ring)

@: lethally poisoned (0 -> -2), exhausted, not resistant to hostile
enchantments, unstealthy
A: no striking features
a: Renounce Religion


You were in an ossuary.
You worshipped Fedhas.
Fedhas was noncommittal.
You were not hungry.

You visited 2 branches of the dungeon, and saw 5 of its levels.
You also visited: Ossuary.

You collected 135 gold pieces.

Inventory:

Hand Weapons
 a - a +1 shortbow (weapon)
 b - a +0 short sword
 j - a +0 rapier
 s - a +1 dagger of venom
Armour
 c - a +2 leather armour (worn)
 i - a +0 ring mail of poison resistance
 p - a +0 helmet (worn)
Wands
 o - a wand of enslavement (15)
Scrolls
 l - a scroll of recharging
Potions
 k - 3 potions of curing
Comestibles
 e - 3 bread rations
 g - 8 fruits
 h - 2 meat rations


   Skills:
 - Level 2.0 Fighting
 * Level 11.2 Bows
 - Level 2.1 Dodging
 - Level 1.1 Stealth


You had 6 spell levels left.
You didn't know any spells.

Dungeon Overview and Level Annotations

Branches:
Dungeon (4/15)             Temple (1/1) D:4

Altars:
Cheibriados
Dithmenos
Elyvilon
Fedhas
Gozag
Makhleb
Nemelex Xobeh
Okawaru
Qazlal
Ru
Sif Muna
Trog
Yredelemnul
Zin

Annotations:
Ossuary Clownie's ghost, novice NaWz


Message History

There is an open door here.
You feel sick.
The water moccasin zombie closely misses you.
An arrow shoots out and hits you!
* * * LOW HITPOINT WARNING * * *
There is an arrow trap here.
* * * LOW HITPOINT WARNING * * *
You feel sick.
An arrow hits the water moccasin zombie!
The water moccasin zombie barely misses you.
The water moccasin zombie closely misses you.
The adder zombie bites you.
* * * LOW HITPOINT WARNING * * *
* * * LOW HITPOINT WARNING * * *
You feel sick.
An arrow hits the adder zombie!
An arrow hits Clownie's ghost!
The water moccasin zombie misses you.
You feel yourself speed up. The adder zombie bites you.
You die...
Fedhas appreciates your contribution to the ecosystem.

#...# #...#
#...# #'###
#.^.# ###
#####W.^#
#?!!!#...#..^#
+!($!#.∩.'ZZ^#
#!??!#...#.@∩#
### #########


You could see Clownie's ghost, an adder zombie and a water moccasin zombie.

Vanquished Creatures
  An ogre (D:4)
  3 water moccasin zombies (Ossuary)
  A giant frog skeleton (D:4)
  An orc priest (D:3)
  A hound (D:4)
  2 orc wizards (D:3)
  A worker ant (D:4)
  A big kobold zombie (Ossuary)
  Robin (D:2)
  2 adders
  4 adder zombies (Ossuary)
  A worm (D:3)
  A giant gecko (D:4)
  13 orcs
  4 bats
  3 giant cockroaches
  14 goblins
  15 hobgoblins
  A quokka (D:3)
  A ball python (D:2)
  3 giant newts
  A gnoll zombie (Ossuary)
  5 hobgoblin zombies (Ossuary)
  A jackal skeleton (D:4)
  5 kobolds
  A kobold zombie (Ossuary)
  2 orc zombies (Ossuary)
  8 rats
97 creatures vanquished.

Vanquished Creatures (others)
  A gnoll zombie (Ossuary)
1 creature vanquished.

Grand Total: 98 creatures vanquished

Notes
Turn   | Place    | Note
--------------------------------------------------------------
     0 | D:1      | PossumBlood the High Elf Hunter began the quest for the Orb.
     0 | D:1      | Reached XP level 1. HP: 14/14 MP: 2/2
   117 | D:1      | Reached XP level 2. HP: 19/19 MP: 3/3
   176 | D:1      | Reached skill level 6 in Bows
   573 | D:2      | Reached XP level 3. HP: 20/24 MP: 4/4
   765 | D:2      | Found a faded altar to an unknown god.
  1040 | D:2      | Noticed Robin
  1060 | D:2      | Killed Robin
  1060 | D:2      | Reached skill level 7 in Bows
  1474 | D:3      | Reached XP level 4. HP: 26/29 MP: 5/5
  1553 | D:3      | HP: 1/29 [orc/trident (4)]
  1555 | D:3      | Reached skill level 8 in Bows
  1563 | D:3      | HP: 1/29 [something (1)]
  1920 | D:3      | Found a white marble altar of Elyvilon.
  1954 | D:3      | Reached XP level 5. HP: 34/34 MP: 6/6
  2218 | D:3      | Reached skill level 9 in Bows
  2583 | D:4      | Noticed an ogre
  2592 | D:4      | Killed an ogre
  2592 | D:4      | Reached XP level 6. HP: 35/39 MP: 7/7
  2746 | D:4      | Reached skill level 10 in Bows
  2780 | D:4      | Found a deep blue altar of Sif Muna.
  2819 | D:4      | Found a staircase to the Ecumenical Temple.
  2825 | Temple   | Entered the Ecumenical Temple
  2988 | Temple   | Became a worshipper of Fedhas Madash
  3033 | D:4      | Found a sand-covered staircase.
  3040 | Ossuary  | Entered an ossuary
  3153 | Ossuary  | Reached XP level 7. HP: 36/45 MP: 8/8
  3257 | Ossuary  | Noticed Clownie's ghost (novice NaWz)
  3260 | Ossuary  | Reached skill level 11 in Bows
  3288 | Ossuary  | HP: 1/45 [adder zombie (2)]
  3290 | Ossuary  | Slain by an adder zombie

Action                   |  1- 3 |  4- 6 |  7- 9 || total
-------------------------+-------+-------+-------++-------
Melee: Rapier            |       |     8 |       ||     8
       Short sword       |       |       |     1 ||     1
       Shortbow          |       |       |     1 ||     1
 Fire: Shortbow          |   119 |   178 |    17 ||   314
Throw: Javelin           |       |     3 |     4 ||     7
  Use: Scroll            |       |    10 |       ||    10
       Potion            |       |       |     1 ||     1
  Eat: Bread ration      |     1 |     1 |       ||     2
       Beef jerky        |       |     1 |       ||     1
